 Dungeon Crawl Stone Soup version 0.28.0-53-g5a82cb258f (webtiles) character file.

Game seed: 1177655568899252631

9 eooof the Chopper (level 2, -9/27 HPs)
             Began as a Hill Orc Monk on June 29, 2022.
             Mangled by a gnoll shaman
             ... wielding a +0 club
              (11 damage)
             ... on level 4 of the Dungeon.
             The game lasted 00:01:22 (502 turns).

eooof the Chopper (Hill Orc Monk)                    Turns: 502, Time: 00:01:25

Health: -9/27      AC:  2    Str: 13    XL:     2   Next: 12%
Magic:  2/2        EV: 12    Int: 10    God:
Gold:   47         SH:  0    Dex: 13    Spells: 1/1 levels left

rFire   . . .      SeeInvis .   a - +0 hand axe
rCold   . . .      Faith    .   (no shield)
rNeg    . . .      Spirit   .   b - +0 robe
rPois   .          Reflect  .   (no helmet)
rElec   .          Harm     .   (no cloak)
rCorr   .          Rampage  .   (no gloves)
Will    .....                   (no boots)
Stlth   ++........              (no amulet)
HPRegen 0.09/turn               (no ring)
MPRegen 0.08/turn               (no ring)

@: no status effects
A: no striking features
a: no special abilities


You were on level 4 of the Dungeon.
You visited 1 branch of the dungeon, and saw 4 of its levels.

You collected 47 gold pieces.

Inventory:

Hand Weapons
 a - a +0 hand axe (weapon)
Armour
 b - a +0 robe (worn)
Scrolls
 c - a scroll of fog {unknown}
 d - a scroll of identify {unknown}
 e - a scroll of holy word {unknown}


   Skills:
 + Level 3.8 Fighting
 + Level 4.2 Axes
 + Level 2.5 Dodging
 + Level 1.8 Stealth


You had one spell level left.
You didn't know any spells.
Your spell library was empty.

Dungeon Overview and Level Annotations

Branches:
Dungeon (4/15)
 Temple: D:4-7

Altars:

Shops:
D:2 [


Message History

You climb upwards.
There is a stone staircase leading down here.
There is a stone staircase leading down here.
Found 13 gold pieces.
The rat barely misses you.
You hit the rat.
You kill the rat!
You now have 47 gold pieces (gained 13).
There is a stone staircase leading down here.
There is a stone staircase leading down here.
You climb downwards.
There is a stone staircase leading up here.
You see here a ball python skeleton.
Found a leather armour.
Found a ring mail.
You see here a +0 ring mail.
There is an open door here.
There is an open door here.
You see here a ball python skeleton.
There is a stone staircase leading down here.
You climb downwards.
Found an escape hatch in the floor.
There is a stone staircase leading up here.
There is an escape hatch in the floor here.
You slide downwards.
The hatch slams shut behind you.
The gnoll shaman shouts!
The gnoll shouts! x2
Found a masterwork leather armour and a runed flail.
Found an escape hatch in the floor.
Found a stone staircase leading down.
You barely miss the gnoll shaman. The gnoll closely misses you.
The gnoll shaman hits you with a +0 club.
You barely miss the gnoll shaman. You closely miss the gnoll.
The gnoll hits you with a +0 club. The gnoll misses you.
The gnoll shaman hits you with a +0 club.
You hit the gnoll shaman.
The gnoll shaman is moderately wounded.
You hit the gnoll.
The gnoll hits you from afar with a +0 halberd!
* * * LOW HITPOINT WARNING * * *
The gnoll shaman hits you with a +0 club!
You die...

... .. >.#
.. .)# ..
..# #>
..#.# #gg.
#.g## #g@.#
.......#..#
......#
##.# ..[..#
# .....
.... ###


You could see a gnoll shaman and 3 gnolls.

Vanquished Creatures
  2 ball pythons (D:2)
  An endoplasm (D:2)
  A hobgoblin (D:2)
  A quokka (D:2)
  2 frilled lizards (D:2)
  A rat (D:1)
8 creatures vanquished.

Vanquished Creatures (others)
  2 plants (D:2)
2 creatures vanquished.

Grand Total: 10 creatures vanquished

Notes
Turn   | Place    | Note
-------+----------+-------------------------------------------
     0 | D:1      | eooof the Hill Orc Monk began the quest for the Orb.
     0 | D:1      | Reached XP level 1. HP: 19/19 MP: 1/1
    11 | D:2      | Found Nois's Armour Shoppe.
   257 | D:2      | Reached XP level 2. HP: 19/27 MP: 2/2
   502 | D:4      | Mangled by a gnoll shaman

Illustrated notes

Levels and vault maps discovered:
D:1:      dpeg_arrival_tiny_c, layout_loops_ring,
          shapermc_ecumenical_altar_totnotflames, chequers_serial_rivers_small_a
D:2:      layout_basic, serial_shops, nicolae_square_shop, chequers_big_river
D:3:      layout_rooms, minivault_24, uniq_ijyb
D:4:      layout_layer_cave

Action                   || total
-------------------------++-------
Melee: Hand axe          ||    27
 Stab: Sleeping          ||     1
Armor: Robe              ||     4
Dodge: Dodged            ||    18
